cohdb
Replays
Latest Replays
All Replays
Popular Replays
Top Player Replays
Match Explorer
How It Works
Community
CoH3 Stats
Reddit
Sign in to upload your games and track your stats! →
Sign in with Steam
Match 40664299
Unlisted
Match 40664299
Overview
Messages
Build Orders
End
Construct Section Command Post
Selects Air and Sea Battlegroup
Infantry Section
Vickers Machine Gun Team
ML 3-inch Mortar Team
Infantry Section
Construct Platoon Command Post
Infantry Section
Selects Commando Section Paradrop
Selects Commando Support Section Paradrop
Commando Support Section Paradrop
Construct Field Infirmary
Selects Supply Surplus
Selects UNKNOWN (223837)
6-pounder Anti-tank Gun Team
Construct Company Command Post
CMP 15cwt Truck
Commando Section Paradrop
Centaur IV Medium Tank
WickedCrow
Talchok
coupay
Moltke1871
Xizor
Vormos
Necromancer
SOUSA
0
0
Comments
sign in to comment!
No comments posted yet!